Workbook

Sheet Schedule 1.1
A1: Rate=I | B1: C1.2 GENERAL REQUIREMENTS AND PROVISIONS
A2: <NewDataSet>· <xs:schema id="NewDataSet" xmlns="" xmlns:xs="http://www.w3.org/2001/XMLSchema" xmlns:msdata="urn:schemas-microsoft-com:xml-msdata">· <xs:element name="NewDataSet" msdata:IsDataSet="true" msdata:MainDataTable="SummaryItems" msdata:UseCurrentLocale="true">· <xs:complexType>· <xs:choice minOccurs="0" maxOccurs="unbounded">· <xs:element name="SummaryItems">· <xs:complexType>· <xs:sequence>· <xs:element name="ContractNo" type="xs:short" minOccurs="0" />· <xs:element name="ScheduleNo" type="xs:short" minOccurs="0" />· <xs:element name="SortNo" type="xs:short" minOccurs="0" />· <xs:element name="Item" type="xs:string" minOccurs="0" />· <xs:element name="SubTotalText" type="xs:string" minOccurs="0" />· <xs:element name="Description" type="xs:string" minOccurs="0" />· <xs:element name="CalcType" type="xs:string" minOccurs="0" />· <xs:element name="CalcValue" type="xs:double" minOccurs="0" />· <xs:element name="UseFirstSubTotal" type="xs:boolean" minOccurs="0" />· <xs:element name="ExclFromWorks" type="xs:boolean" minOccurs="0" />· <xs:element name="ExclFromProjected" type="xs:boolean" minOccurs="0" />· </xs:sequence>· </xs:complexType>· </xs:element>· </xs:choice>· </xs:complexType>· </xs:element>· </xs:schema>· <SummaryItems>· <ContractNo>1</ContractNo>· <ScheduleNo>1</ScheduleNo>· <SortNo>1</SortNo>· <Description>Add 15% VAT</Description>· <CalcType>%</CalcType>· <CalcValue>15</CalcValue>· <UseFirstSubTotal>false</UseFirstSubTotal>· <ExclFromWorks>false</ExclFromWorks>· <ExclFromProjected>false</ExclFromProjected>· </SummaryItems>· <SummaryItems>· <ContractNo>1</ContractNo>· <ScheduleNo>2</ScheduleNo>· <SortNo>1</SortNo>· <Description>Add 15% VAT</Description>· <CalcType>%</CalcType>· <CalcValue>15</CalcValue>· <UseFirstSubTotal>false</UseFirstSubTotal>· <ExclFromWorks>false</ExclFromWorks>· <ExclFromProjected>false</ExclFromProjected>· </SummaryItems>· <SummaryItems>· <ContractNo>1</ContractNo>· <ScheduleNo>3</ScheduleNo>· <SortNo>1</SortNo>· <Description>Add 15% VAT</Description>· <CalcType>%</CalcType>· <CalcValue>15</CalcValue>· <UseFirstSubTotal>false</UseFirstSubTotal>· <ExclFromWorks>false</ExclFromWorks>· <ExclFromProjected>false</ExclFromProjected>· </SummaryItems>· <SummaryItems>· <ContractNo>1</ContractNo>· <ScheduleNo>4</ScheduleNo>· <SortNo>1</SortNo>· <Description>Add 15% VAT</Description>· <CalcType>%</CalcType>· <CalcValue>15</CalcValue>· <UseFirstSubTotal>false</UseFirstSubTotal>· <ExclFromWorks>false</ExclFromWorks>· <ExclFromProjected>false</ExclFromProjected>· </SummaryItems>·</NewDataSet> | C2: Item | F2: Description | G2: Unit | H2: Quantity | I2: Rate | J2: Amount (Pounds)
A4: 159 | B4: C1.2 | F4: GENERAL REQUIREMENTS AND PROVISIONS
A6: 2811 | B6: C1.2.1 | F6: Environmental Management:
A8: 2812 | C8: C1.2.1.1 | F8: Monitoring of compliance with and reporting on the EMP | G8: Month | H8: 21 | I8: 0 | J8: =IF(G8 = CHAR(37), H8*I8/100,H8*I8) -> 0
A10: 2813 | C10: C1.2.1.2 | F10: Dedicated Environmental Oficer | G10: Month | H10: 21 | I10: 0 | J10: =IF(G10 = CHAR(37), H10*I10/100,H10*I10) -> 0
A12: 2814 | B12: C1.2.2 | F12: Programming and Reporting:
A14: 2817 | C14: C1.2.2.3 | F14: Submission of a Scheme 2 Initial Programme | G14: lump sum | H14: 1 | I14: 0 | J14: =IF(G14 = CHAR(37), H14*I14/100,H14*I14) -> 0
A16: 2818 | C16: C1.2.2.4 | F16: Submission of a Scheme 2 Full Programme | G16: lump sum | H16: 1 | I16: 0 | J16: =IF(G16 = CHAR(37), H16*I16/100,H16*I16) -> 0
A18: 2819 | C18: C1.2.2.5 | F18: Reviewing and updating a Scheme 2 programme every month | G18: Month | H18: 21 | I18: 0 | J18: =IF(G18 = CHAR(37), H18*I18/100,H18*I18) -> 0
A20: 2820 | C20: C1.2.2.6 | F20: Preparation and submission of all information and reports specified in the Contract Documentation | G20: Month | H20: 21 | I20: 0 | J20: =IF(G20 = CHAR(37), H20*I20/100,H20*I20) -> 0
A22: 2821 | B22: C1.2.3 | F22: Routine road maintenance of existing public roads within the Site of the Works or other public roads outside the Site of the Works which are used as detours:
A24: 2822 | C24: C1.2.3.1 | F24: Grass cutting | G24: ha_x000D_ | H24: 38 | I24: 0 | J24: =IF(G24 = CHAR(37), H24*I24/100,H24*I24) -> 0
A26: 2823 | C26: C1.2.3.2 | F26: Drain cleaning | G26: km | H26: 9 | I26: 0 | J26: =IF(G26 = CHAR(37), H26*I26/100,H26*I26) -> 0
A28: 2824 | C28: C1.2.3.3 | F28: Cleaning out culverts | G28: m³ | H28: 120 | I28: 0 | J28: =IF(G28 = CHAR(37), H28*I28/100,H28*I28) -> 0
A30: 2825 | C30: C1.2.3.4 | F30: Collection of rubbish / litter | G30: km | H30: 14 | I30: 0 | J30: =IF(G30 = CHAR(37), H30*I30/100,H30*I30) -> 0
A32: 8098 | C32: C1.2.3.5 | F32: Base patching using crushed stone material stabilised with bitumen emulsion and cement | G32: m³ | H32: 2000 | I32: 0 | J32: =IF(G32 = CHAR(37), H32*I32/100,H32*I32) -> 0
A34: 8099 | C34: C1.2.3.6 | F34: Base and / or surface patching using cold premixed asphalt | G34: kg | H34: 2500 | I34: 0 | J34: =IF(G34 = CHAR(37), H34*I34/100,H34*I34) -> 0
A36: 8100 | C36: C1.2.3.7 | F36: Base and / or surface patching using hot plant mixed asphalt | G36: t | H36: 50 | I36: 0 | J36: =IF(G36 = CHAR(37), H36*I36/100,H36*I36) -> 0
A38: 8101 | C38: C1.2.3.11 | F38: Other road maintenance work ordered by the Engineer | G38: Prov. Sum | H38: 1 | I38: 500000 | J38: 500000
A40: 2833 | C40: C1.2.3.12 | F40: Handling cost, profit and all other charges in respect of item C1.2.3.11 | G40: % | H40: =J38 -> 500000 | I40: 0 | J40: =IF(G40 = CHAR(37), H40*I40/100,H40*I40) -> 0
A42: 2834 | C42: C1.2.3.13 | F42: Liaison with the routine road maintenance contractor | G42: Month | H42: 3 | I42: 0 | J42: =IF(G42 = CHAR(37), H42*I42/100,H42*I42) -> 0
A44: 5167 | B44: C1.2.4 | F44: Stakeholder liaison | G44: Month | H44: 24 | I44: 0 | J44: =IF(G44 = CHAR(37), H44*I44/100,H44*I44) -> 0
A46: 2835 | B46: C1.2.5 | F46: Safety:
A48: 2836 | C48: C1.2.5.1 | F48: Health and safety plan | G48: lump sum | H48: 1 | I48: 0 | J48: =IF(G48 = CHAR(37), H48*I48/100,H48*I48) -> 0
B50: Total Carried Forward | J50: =SUM(J3:J49) -> 500000
J51: C3-7
B52: C1.2 GENERAL REQUIREMENTS AND PROVISIONS
C53: Item | F53: Description | G53: Unit | H53: Quantity | I53: Rate | J53: Amount (Pounds)
B54: Brought Forward | J54: =J50 -> 500000
A55: 2837 | C55: C1.2.5.2 | F55: Implementation of health and safety plan | G55: Month | H55: 21 | I55: 0 | J55: =IF(G55 = CHAR(37), H55*I55/100,H55*I55) -> 0
A57: 10523 | B57: C1.2.6 | F57: Work adjacent to properties:
A59: 10524 | C59: C1.2.6.1 | F59: Survey of adjacent properties | G59: No. | H59: 6 | I59: 0 | J59: =IF(G59 = CHAR(37), H59*I59/100,H59*I59) -> 0
A61: 10525 | C61: C1.2.6.2 | F61: Preventive and / or mitigation measures | G61: Prov. Sum | H61: 1 | I61: 1000000 | J61: 1000000
A63: 10526 | C63: C1.2.6.3 | F63: Handling cost, profit and all other charges in respect of item C1.2.6.2 | G63: % | H63: =J61 -> 1000000 | I63: 0 | J63: =IF(G63 = CHAR(37), H63*I63/100,H63*I63) -> 0
A65: 2838 | B65: PC1.2.7 | F65: Road safety audits
A67: 6677 | C67: C1.2.7.1 | F67: Stage 4 work zone traffic management audit | G67: Prov. Sum | H67: 1 | I67: 180000 | J67: 180000
A69: 6678 | C69: C1.2.7.2 | F69: Handling cost, profit and all other charges in respect of item C1.2.6.1 | G69: % | H69: =J67 -> 180000 | I69: 0 | J69: =IF(G69 = CHAR(37), H69*I69/100,H69*I69) -> 0
A71: 6679 | C71: C1.2.7.3 | F71: Stage 5 pre-opening stage traffic safety audit | G71: Prov. Sum | H71: 1 | I71: 120000 | J71: 120000
A73: 6680 | C73: C1.2.7.4 | F73: Handling cost, profit and all other charges in respect of item C1.2.6.3 | G73: % | H73: =J71 -> 120000 | I73: 0 | J73: =IF(G73 = CHAR(37), H73*I73/100,H73*I73) -> 0
A75: 2843 | B75: C1.2.8 | F75: Dayworks:
A77: 2844 | C77: C1.2.8.1 | F77: Personnel:
A79: 2845 | D79: (a) | F79: Unskilled labourer | G79: h | H79: 300 | I79: 0 | J79: =IF(G79 = CHAR(37), H79*I79/100,H79*I79) -> 0
A81: 2846 | D81: (b) | F81: Semi-skilled labourer | G81: h | H81: 120 | I81: 0 | J81: =IF(G81 = CHAR(37), H81*I81/100,H81*I81) -> 0
A83: 2847 | D83: (c) | F83: Skilled labourer | G83: h | H83: 50 | I83: 0 | J83: =IF(G83 = CHAR(37), H83*I83/100,H83*I83) -> 0
A85: 2848 | D85: (d) | F85: Gang leader | G85: h | H85: 50 | I85: 0 | J85: =IF(G85 = CHAR(37), H85*I85/100,H85*I85) -> 0
A87: 2849 | D87: (e) | F87: Foreman | G87: h | H87: 100 | I87: 0 | J87: =IF(G87 = CHAR(37), H87*I87/100,H87*I87) -> 0
A89: 2851 | C89: C1.2.8.2 | F89: Construction equipment (specify size and / or model number):
A91: 2852 | D91: (a) | F91: Motor grader (140k or similar) | G91: h | H91: 25 | I91: 0 | J91: =IF(G91 = CHAR(37), H91*I91/100,H91*I91) -> 0
A93: 2853 | D93: (b) | F93: Vibratory roller (12 ton) | G93: h | H93: 15 | I93: 0 | J93: =IF(G93 = CHAR(37), H93*I93/100,H93*I93) -> 0
A95: 2854 | D95: (c) | F95: Pneumatic roller (16 ton) | G95: h | H95: 15 | I95: 0 | J95: =IF(G95 = CHAR(37), H95*I95/100,H95*I95) -> 0
A97: 2855 | D97: (d) | F97: Front end loader (145 kw fly wheel speed)) | G97: h | H97: 25 | I97: 0 | J97: =IF(G97 = CHAR(37), H97*I97/100,H97*I97) -> 0
A99: 2856 | D99: (e) | F99: Tractor loader backhoe | G99: h | H99: 25 | I99: 0 | J99: =IF(G99 = CHAR(37), H99*I99/100,H99*I99) -> 0
A101: 2857 | D101: (f) | F101: Excavator (22 ton) | G101: h | H101: 25 | I101: 0 | J101: =IF(G101 = CHAR(37), H101*I101/100,H101*I101) -> 0
A103: 2858 | D103: (g) | F103: 250 cmf compressor (7 m³/min) complete | G103: h | H103: 25 | I103: 0 | J103: =IF(G103 = CHAR(37), H103*I103/100,H103*I103) -> 0
A105: 2859 | D105: (h) | F105: 600 cmf compressor (17 m³/min) complete | G105: h | H105: 25 | I105: 0 | J105: =IF(G105 = CHAR(37), H105*I105/100,H105*I105) -> 0
A107: 2860 | C107: C1.2.8.3 | F107: Vehicles (specify size):
A109: 2861 | D109: (a) | F109: Light delivery vehicle | G109: km | H109: 50 | I109: 0 | J109: =IF(G109 = CHAR(37), H109*I109/100,H109*I109) -> 0
B110: Total Carried Forward | J110: =SUM(J54:J109) -> 1800000
J111: C3-8
B112: C1.2 GENERAL REQUIREMENTS AND PROVISIONS
C113: Item | F113: Description | G113: Unit | H113: Quantity | I113: Rate | J113: Amount (Pounds)
B114: Brought Forward | J114: =J110 -> 1800000
A115: 2862 | D115: (b) | F115: Flatbed truck | G115: km | H115: 25 | I115: 0 | J115: =IF(G115 = CHAR(37), H115*I115/100,H115*I115) -> 0
A117: 5172 | D117: (c) | F117: Dump truck (6m3) | G117: km | H117: 25 | I117: 0 | J117: =IF(G117 = CHAR(37), H117*I117/100,H117*I117) -> 0
A119: 5174 | C119: C1.2.8.4 | F119: Materials:
A121: 5175 | D121: (a) | F121: Procurement of materials | G121: Prov. Sum | H121: 1 | I121: 160000 | J121: 160000
A123: 5176 | D123: (b) | F123: Contractor's handling costs, profit and all other charges in respect of item C1.2.8.4(a) | G123: % | H123: =J121 -> 160000 | I123: 0 | J123: =IF(G123 = CHAR(37), H123*I123/100,H123*I123) -> 0
A125: 2864 | B125: C1.2.9 | F125: Disposal of non-useable assets:
A127: 2866 | C127: C1.2.9.2 | F127: Disposal of non-useable assets not identified at time of tender | G127: Prov. Sum | H127: 1 | I127: 150000 | J127: 150000
A129: 2867 | C129: C1.2.9.3 | F129: Handling cost, profit and all other charges in respect of item C1.2.9.2 | G129: % | H129: =J127 -> 150000 | I129: 0 | J129: =IF(G129 = CHAR(37), H129*I129/100,H129*I129) -> 0
A131: 6295 | B131: PC.1.2.10 | F131: Dispute Adjudication Board (DAB)
A133: 6296 | C133: PC1.2.10.1 | D133: (a) | F133: Employer’s contribution to DAB (50%) | G133: PC Sum | H133: 1 | I133: 1000000 | J133: 1000000
A135: 7693 | D135: (b) | F135: Handling cosy and profit in respect of subitem PC1.2.10.1(a) | G135: % | H135: =J133 -> 1000000 | I135: 0 | J135: =IF(G135 = CHAR(37), H135*I135/100,H135*I135) -> 0
B173: Total Carried Forward To Summary | J173: =SUM(J114:J172) -> 3110000
J174: C3-9
B175: C1.3 CONTRACTOR’S SITE ESTABLISHMENT AND GENERAL OBLIGATIONS
C176: Item | F176: Description | G176: Unit | H176: Quantity | I176: Rate | J176: Amount (Pounds)
A178: 198 | B178: PC1.3 | F178: CONTRACTOR’S SITE ESTABLISHMENT AND GENERAL OBLIGATIONS
A180: 2868 | B180: PC1.3.1 | F180: The Contractor's general obligations:
A182: 2869 | C182: C1.3.1.1 | F182: Fixed obligations | G182: lump sum | H182: 1 | I182: 0 | J182: =IF(G182 = CHAR(37), H182*I182/100,H182*I182) -> 0
A184: 2870 | C184: C1.3.1.2 | F184: Value-related obligations | G184: lump sum | H184: 1 | I184: 0 | J184: =IF(G184 = CHAR(37), H184*I184/100,H184*I184) -> 0
A186: 2871 | C186: PC1.3.1.3 | F186: Time-related obligations
A188: 6298 | D188: (a) | F188: Mobilisation period | G188: Month | H188: 3 | I188: 0 | J188: =IF(G188 = CHAR(37), H188*I188/100,H188*I188) -> 0
A190: 6297 | D190: (b) | F190: Execution of the works | G190: Month | H190: 21 | I190: 0 | J190: =IF(G190 = CHAR(37), H190*I190/100,H190*I190) -> 0
A192: 6300 | C192: PC1.3.1.4 | F192: Suspension Cost
A194: 6301 | D194: (a) | F194: De-establishment | G194: No. | H194: 2 | I194: 0 | J194: =IF(G194 = CHAR(37), H194*I194/100,H194*I194) -> 0
A196: 6302 | D196: (b) | F196: Re-Establishment | G196: No. | H196: 2 | I196: 0 | J196: =IF(G196 = CHAR(37), H196*I196/100,H196*I196) -> 0
A198: 6303 | D198: (c) | F198: Suspension Period | G198: Month | H198: 5 | I198: 0 | J198: =IF(G198 = CHAR(37), H198*I198/100,H198*I198) -> 0
A200: 6304 | D200: (d) | F200: Engineers Cost | G200: PC Sum | H200: 1 | I200: 2000000 | J200: 2000000
A202: 7583 | D202: (e) | F202: Handling cost, profit and all other charges in respect of item C1.3.1.4 | G202: % | H202: =J200 -> 2000000 | I202: 0 | J202: =IF(G202 = CHAR(37), H202*I202/100,H202*I202) -> 0
A204: 5177 | B204: C1.3.2 | F204: Contract sign boards (drawing number 20568-TD-01) | G204: m² | H204: 27 | I204: 0 | J204: =IF(G204 = CHAR(37), H204*I204/100,H204*I204) -> 0
B238: Total Carried Forward To Summary | J238: =SUM(J177:J237) -> 2000000
J239: C3-10
B240: C1.4 FACILITIES FOR THE ENGINEER
C241: Item | F241: Description | G241: Unit | H241: Quantity | I241: Rate | J241: Amount (Pounds)
A243: 199 | B243: C1.4 | F243: FACILITIES FOR THE ENGINEER
A245: 2872 | B245: C1.4.1 | F245: Site accommodation:
A247: 2873 | C247: C1.4.1.1 | F247: Offices and conference room | G247: m² | H247: 400 | I247: 0 | J247: =IF(G247 = CHAR(37), H247*I247/100,H247*I247) -> 0
A249: 2874 | C249: C1.4.1.2 | F249: Laboratories | G249: m² | H249: 400 | I249: 0 | J249: =IF(G249 = CHAR(37), H249*I249/100,H249*I249) -> 0
...

Sheet Schedule 1.2
A1: Rate=I | B1: BRIDGE B621 NYL RIVER BRIDGE (km 82.1)
B2: C1.6 CLEARING AND GRUBBING
C3: Item | F3: Description | G3: Unit | H3: Quantity | I3: Rate | J3: Amount R
A5: 9951 | B5: C1.6 | F5: CLEARING AND GRUBBING
A7: 9952 | B7: C1.6.1 | F7: Clearing:
A9: 9953 | C9: C1.6.1.1 | F9: Clearing with machines and some hand labour where necessary | G9: ha | H9: 2 | I9: 0 | J9: =IF(G9 = CHAR(37), H9*I9/100,H9*I9) -> 0
A11: 9954 | C11: C1.6.1.2 | F11: Clearing with hand labour only when labour enhanced work is specified | G11: m² | I11: 0 | J11: Rate Only
A13: 9955 | B13: C1.6.2 | F13: Grubbing:
A15: 9956 | C15: C1.6.2.1 | F15: Grubbing with machines and some hand labour where necessary | G15: ha | H15: 2 | I15: 0 | J15: =IF(G15 = CHAR(37), H15*I15/100,H15*I15) -> 0
A17: 9957 | C17: C1.6.2.2 | F17: Grubbing with hand labour when labour enhancement work is specified or it is not practical to use a machine | G17: m² | H17: 0 | I17: 0 | J17: Rate Only
A19: 9958 | B19: C1.6.3 | F19: Removal and grubbing of large trees and tree stumps:
A21: 9959 | C21: C1.6.3.1 | F21: Girth equal to or exceeding 1,0 m up to and including 2,0 m | G21: No | H21: 5 | I21: 0 | J21: =IF(G21 = CHAR(37), H21*I21/100,H21*I21) -> 0
A23: 9960 | C23: C1.6.3.2 | F23: Girth exceeding 2,0 m up to and including 3,0 m | G23: No | H23: 1 | I23: 0 | J23: =IF(G23 = CHAR(37), H23*I23/100,H23*I23) -> 0
B59: Total Carried Forward To Summary | J59: =SUM(J4:J58) -> 0
J60: C3-64
B61: BRIDGE B621 NYL RIVER BRIDGE (km 82.1)
B62: C1.7 LOADING AND HAULING
C63: Item | F63: Description | G63: Unit | H63: Quantity | I63: Rate | J63: Amount R
A65: 9961 | B65: C1.7 | F65: LOADING AND HAULING
A67: 9962 | B67: C1.7.1 | F67: Loading:
A69: 9963 | C69: C1.7.1.1 | F69: Loading from stockpile using machines and some hand labour where necessary | G69: m³ | H69: 1500 | I69: 0 | J69: =IF(G69 = CHAR(37), H69*I69/100,H69*I69) -> 0
A71: 9964 | B71: C1.7.2 | F71: Hauling:
A73: 9965 | C73: C1.7.2.2 | F73: Hauling material to spoil and off-loading it at a designated spoil area:
A75: 9966 | D75: (a) | F75: Cleared and grubbed material (organic matter and all other unsuitable or waste material) | G75: m³-km | H75: 500 | I75: 0 | J75: =IF(G75 = CHAR(37), H75*I75/100,H75*I75) -> 0
A77: 9967 | D77: (b) | F77: Soil and gravel material | G77: m³-km | H77: 500 | I77: 0 | J77: =IF(G77 = CHAR(37), H77*I77/100,H77*I77) -> 0
A79: 9968 | D79: (c) | F79: Boulders and hard material | G79: m³-km | H79: 500 | I79: 0 | J79: =IF(G79 = CHAR(37), H79*I79/100,H79*I79) -> 0
B123: Total Carried Forward To Summary | J123: =SUM(J64:J122) -> 0
J124: C3-65
B125: BRIDGE B621 NYL RIVER BRIDGE (km 82.1)
B126: C11.2 NON-STRUCTURAL GABIONS
C127: Item | F127: Description | G127: Unit | H127: Quantity | I127: Rate | J127: Amount R
A129: 9939 | B129: C11.2 | F129: NON-STRUCTURAL GABIONS
A131: 9940 | B131: C11.2.1 | F131: Foundation trench excavation:
A133: 9941 | C133: C11.2.1.1 | F133: Excavating all material situated within the following depth ranges below the surface level:
A135: 9942 | D135: (a) | F135: 0 m to 1,5 m | G135: m³ | H135: 375 | I135: 0 | J135: =IF(G135 = CHAR(37), H135*I135/100,H135*I135) -> 0
A137: 9943 | D137: (b) | F137: Exceeding 1,5 m and up to 3,0 m | G137: m³ | H137: 250 | I137: 0 | J137: =IF(G137 = CHAR(37), H137*I137/100,H137*I137) -> 0
A139: 9944 | C139: C11.2.1.2 | F139: Extra over sub-item C11.2.1.1 for excavation in hard material, irrespective of depth | G139: m³ | H139: 50 | I139: 0 | J139: =IF(G139 = CHAR(37), H139*I139/100,H139*I139) -> 0
A141: 9945 | C141: C11.2.1.3 | F141: Excavating soft material within 1,5 m below the surface level using labour enhanced construction methods: | G141: m³ | H141: 50 | I141: 0 | J141: =IF(G141 = CHAR(37), H141*I141/100,H141*I141) -> 0
A143: 9946 | C143: C11.2.1.4 | F143: Excavating intermediate material within 1,5 m below the surface level using labour enhanced construction methods: | G143: m³ | H143: 50 | I143: 0 | J143: =IF(G143 = CHAR(37), H143*I143/100,H143*I143) -> 0
A145: 9947 | B145: C11.2.2 | F145: Surface preparation for bedding the gabion boxes and mattresses | G145: m² | H145: 1000 | I145: 0 | J145: =IF(G145 = CHAR(37), H145*I145/100,H145*I145) -> 0
A147: 9948 | B147: C11.2.3 | F147: Gabion boxes and mattresses:
A149: 9949 | C149: C11.2.3.1 | F149: Galvanized gabion boxes (1 m x 1 m x 1 m) | G149: m³ | H149: 330 | I149: 0 | J149: =IF(G149 = CHAR(37), H149*I149/100,H149*I149) -> 0
A151: 9950 | C151: C11.2.3.3 | F151: Galvanized gabion mattresses (3 m x 1 m x 0.3 m) | G151: m³ | H151: 600 | I151: 0 | J151: =IF(G151 = CHAR(37), H151*I151/100,H151*I151) -> 0
A153: 9938 | B153: C11.2.4 | F153: Geotextile (Continuous filament nonwoven needle punched Class 2 geotextile as per Table 2(b) of GRI-GT13(b) specifications) | G153: m² | H153: 600 | I153: 0 | J153: =IF(G153 = CHAR(37), H153*I153/100,H153*I153) -> 0
B177: Total Carried Forward To Summary | J177: =SUM(J128:J176) -> 0
J178: C3-66
B179: BRIDGE B621 NYL RIVER BRIDGE (km 82.1)
B180: C12.1 PILING
C181: Item | F181: Description | G181: Unit | H181: Quantity | I181: Rate | J181: Amount R
A183: 9801 | B183: C12.1 | F183: PILING
A185: 9810 | B185: C12.1.2 | F185: Access and drainage:
A187: 9811 | C187: C12.1.2.1 | F187: Access | G187: lump sum | H187: 1 | I187: 0 | J187: =IF(G187 = CHAR(37), H187*I187/100,H187*I187) -> 0
A189: 9812 | C189: C12.1.2.2 | F189: Drainage by pumping or other means | G189: lump sum | H189: 1 | I189: 0 | J189: =IF(G189 = CHAR(37), H189*I189/100,H189*I189) -> 0
A191: 9882 | B191: C12.1.3 | F191: Establishment on site for piling (Augered Piles) | G191: lump sum | H191: 1 | I191: 0 | J191: =IF(G191 = CHAR(37), H191*I191/100,H191*I191) -> 0
A193: 9883 | B193: C12.1.4 | F193: Moving to, and setting up equipment at each position for installing piles (pile type indicated) | G193: No. | H193: 26 | I193: 0 | J193: =IF(G193 = CHAR(37), H193*I193/100,H193*I193) -> 0
A195: 9813 | B195: C12.1.5 | F195: Augered piles with a diameter of 900mm through material situated within the following successive depth ranges:
A197: 9814 | C197: C12.1.5.1 | F197: Augered holes:
A199: 9815 | D199: (a) | F199: 0 m up to 10 m provided for in pay item C12.1.6 | G199: m | H199: 260 | I199: 0 | J199: =IF(G199 = CHAR(37), H199*I199/100,H199*I199) -> 0
A201: 9816 | D201: (b) | F201: Exceeding 10 m and up to 15 m | G201: m | H201: 130 | I201: 0 | J201: =IF(G201 = CHAR(37), H201*I201/100,H201*I201) -> 0
A203: 9884 | B203: C12.1.6 | F203: Extra over item C12.1.5 irrespective of the depth, to form augered and bored pile holes through identified materials consisting of:
A205: 9885 | C205: C12.1.6.1 | F205: Coarse gravel with a matrix content of less than (max. 60%) | G205: m | H205: 50 | I205: 0 | J205: =IF(G205 = CHAR(37), H205*I205/100,H205*I205) -> 0
A207: 9886 | C207: C12.1.6.2 | F207: Boulders (R3 Sandstone, max size 400mm) | G207: m | H207: 20 | I207: 0 | J207: =IF(G207 = CHAR(37), H207*I207/100,H207*I207) -> 0
A209: 9887 | C209: C12.1.6.3 | F209: Rock formation
A211: 10610 | D211: (a) | F211: Sandstone R2 | G211: m | H211: 10 | I211: 0 | J211: =IF(G211 = CHAR(37), H211*I211/100,H211*I211) -> 0
A213: 10611 | D213: (b) | F213: Sandstone R3 | G213: m | H213: 10 | I213: 0 | J213: =IF(G213 = CHAR(37), H213*I213/100,H213*I213) -> 0
A215: 10612 | D215: (c) | F215: Sandstone R4 | G215: m | H215: 10 | I215: 0 | J215: =IF(G215 = CHAR(37), H215*I215/100,H215*I215) -> 0
A217: 10613 | D217: (d) | F217: Sandstone R5 | G217: m | H217: 10 | I217: 0 | J217: =IF(G217 = CHAR(37), H217*I217/100,H217*I217) -> 0
A219: 9817 | B219: C12.1.9 | F219: Forming augered or bored pile holes through obstructions | G219: Prov. Sum | H219: 1 | I219: 150000 | J219: 150000
A221: 9818 | B221: C12.1.11 | F221: Installing and removing temporary casings in augered holes for piles of (900mm) | G221: m | H221: 390 | I221: 0 | J221: =IF(G221 = CHAR(37), H221*I221/100,H221*I221) -> 0
A223: 9819 | B223: C12.1.15 | F223: Steel reinforcement in cast-in-situ piles:
A225: 9820 | C225: C12.1.15.2 | F225: High-yield-stress-steel bars (Y-Bars) | G225: t | H225: 40 | I225: 0 | J225: =IF(G225 = CHAR(37), H225*I225/100,H225*I225) -> 0
B229: Total Carried Forward | J229: =SUM(J182:J228) -> 150000
J230: C3-67
B231: BRIDGE B621 NYL RIVER BRIDGE (km 82.1)
B232: C12.1 PILING
C233: Item | F233: Description | G233: Unit | H233: Quantity | I233: Rate | J233: Amount R
B234: Brought Forward | J234: =J229 -> 150000
A235: 9888 | B235: C12.1.16 | F235: Cast-in-situ concrete in piles, underreams, bulbous bases and sockets (D32/40-20-XC4) | G235: m³ | H235: 250 | I235: 0 | J235: =IF(G235 = CHAR(37), H235*I235/100,H235*I235) -> 0
A237: 9889 | B237: C12.1.17 | F237: Extra over item C12.1.16 for concrete cast underwater | G237: m³ | H237: 200 | I237: 0 | J237: =IF(G237 = CHAR(37), H237*I237/100,H237*I237) -> 0
A239: 9890 | B239: C12.1.24 | F239: Stripping / cutting the pile heads (900mm Augered Piles) | G239: No. | H239: 26 | I239: 0 | J239: =IF(G239 = CHAR(37), H239*I239/100,H239*I239) -> 0
A241: 9891 | B241: C12.1.27 | F241: Establishment on site for core drilling | G241: lump sum | H241: 1 | I241: 0 | J241: =IF(G241 = CHAR(37), H241*I241/100,H241*I241) -> 0
A243: 9892 | B243: C12.1.28 | F243: Moving equipment to and assembling at each location where cores are to be drilled | G243: No. | H243: 10 | I243: 0 | J243: =IF(G243 = CHAR(37), H243*I243/100,H243*I243) -> 0
A245: 9821 | B245: C12.1.29 | F245: Drilling the cores in:
A247: 9822 | C247: C12.1.29.1 | F247: Concrete (85mm) | G247: m | H247: 130 | I247: 0 | J247: =IF(G247 = CHAR(37), H247*I247/100,H247*I247) -> 0
A249: 9823 | C249: C12.1.29.2 | F249: Founding formation:
A251: 9824 | D251: (a) | F251: Irrespective of hardness | G251: m | H251: 65 | I251: 0 | J251: =IF(G251 = CHAR(37), H251*I251/100,H251*I251) -> 0
A253: 9893 | B253: C12.1.30 | F253: Standing time for pile-installation frame | G253: hour (h) | H253: 24 | I253: 0 | J253: =IF(G253 = CHAR(37), H253*I253/100,H253*I253) -> 0
A255: 9825 | B255: C12.1.31 | F255: Pile Integrity Testing on augered / bored piles:
A257: 9826 | C257: C12.1.31.1 | F257: Providing and installing (85mm) mild steel tubes for “Cross Hole Sonic Logging” in all designated piles | G257: m | H257: 1550 | I257: 0 | J257: =IF(G257 = CHAR(37), H257*I257/100,H257*I257) -> 0
A259: 9827 | C259: C12.1.31.2 | F259: Carrying out of Impact Frequency Response (IFR) measurements or Sonic Tapping tests and interpretation of results (per pile diameter) | G259: No. | H259: 26 | I259: 0 | J259: =IF(G259 = CHAR(37), H259*I259/100,H259*I259) -> 0
A261: 9828 | C261: C12.1.31.3 | F261: Cross-Hole Sonic Logging tests and interpreted results (per pile diameter) | G261: m | H261: 390 | I261: 0 | J261: =IF(G261 = CHAR(37), H261*I261/100,H261*I261) -> 0
A263: 9829 | C263: C12.1.31.4 | F263: Base integrity tests (per designated pile) | G263: No. | H263: 26 | I263: 0 | J263: =IF(G263 = CHAR(37), H263*I263/100,H263*I263) -> 0
B283: Total Carried Forward To Summary | J283: =SUM(J234:J282) -> 150000
J284: C3-68
B285: BRIDGE B621 NYL RIVER BRIDGE (km 82.1)
B286: C13.1 FOUNDATIONS
C287: Item | F287: Description | G287: Unit | H287: Quantity | I287: Rate | J287: Amount R
A289: 9802 | B289: C13.1 | F289: FOUNDATIONS
A291: 9894 | B291: C13.1.2 | F291: Additional foundation investigations:
A293: 9895 | C293: C13.1.2.1 | F293: Provisional sum allowed for additional foundation investigations | G293: Prov. Sum | H293: 1 | I293: 50000 | J293: 50000
...

Sheet Schedule 1.3
A1: Rate=I | B1: SCHEDULE B2 - BRIDGE B3837 ROAD OVER RAIL (km 86.6)
B2: C3.3 CONCRETE KERBING AND CHANNELING, ASPHALT BERMS, CHUTES, DOWNPIPES, CONCRETE, STONE PITCHED AND GABION LININGS FOR OPEN DRAINS
C3: Item | F3: Description | G3: Unit | H3: Quantity | I3: Rate | J3: Amount R
A5: 9980 | B5: C3.3 | F5: CONCRETE KERBING AND CHANNELING, ASPHALT BERMS, CHUTES, DOWNPIPES, CONCRETE, STONE PITCHED AND GABION LININGS FOR OPEN DRAINS
A7: 9988 | B7: C3.3.1 | F7: Concrete kerbing:
A9: 9989 | B9: C3.3.2 | C9: C3.3.1.2 | F9: Cast-in-situ kerbing:
A11: 10039 | D11: (a) | F11: Modified Figure 3 Kerb, C25/30-20-XC0, Class F2 finish, as per drawing 20568-S-202 | G11: m | H11: 60 | I11: 0 | J11: =IF(G11 = CHAR(37), H11*I11/100,H11*I11) -> 0
A13: 9990 | B13: C3.3.15 | F13: Energy dissipaters in outlet structures:
A15: 9991 | C15: C3.3.15.1 | F15: Precast concrete blocks in outlet structures | G15: No. | H15: 24 | I15: 0 | J15: =IF(G15 = CHAR(37), H15*I15/100,H15*I15) -> 0
A17: 10021 | B17: C3.3.16 | F17: Demolition and removal of existing kerbs and / or channel (Figure 3 kerb) | G17: m³ | H17: 4 | I17: 0 | J17: =IF(G17 = CHAR(37), H17*I17/100,H17*I17) -> 0
B56: Total Carried Forward To Summary | J56: =SUM(J4:J55) -> 0
J57: C3-82
B58: SCHEDULE B2 - BRIDGE B3837 ROAD OVER RAIL (km 86.6)
B59: C4.3 EXISTING ROAD MATERIALS
C60: Item | F60: Description | G60: Unit | H60: Quantity | I60: Rate | J60: Amount R
A62: 10081 | B62: C4.3 | F62: EXISTING ROAD MATERIALS
A64: 10082 | B64: C4.3.12 | F64: Removing of existing concrete material within the following average depth ranges:
A66: 10083 | C66: C4.3.12.1 | F66: The break-up method:
A68: 10084 | D68: (b) | F68: Exceeding 150 mm but not exceeding 250 mm (removal of existing sidewalks) | G68: m³ | H68: 20 | I68: 0 | J68: =IF(G68 = CHAR(37), H68*I68/100,H68*I68) -> 0
B121: Total Carried Forward To Summary | J121: =SUM(J61:J120) -> 0
J122: C3-83
B123: SCHEDULE B2 - BRIDGE B3837 ROAD OVER RAIL (km 86.6)
B124: C11.1 PITCHING, STONEWORK, CAST IN SITU CONCRETE FOR PROTECTION AGAINST EROSION
C125: Item | F125: Description | G125: Unit | H125: Quantity | I125: Rate | J125: Amount R
A127: 9981 | B127: C11.1 | F127: PITCHING, STONEWORK, CAST IN SITU CONCRETE FOR PROTECTION AGAINST EROSION
A129: 9992 | B129: C11.1.2 | F129: Stone pitching:
A131: 10051 | C131: C11.1.2.1 | F131: Plain stone pitching:
A133: 9993 | C133: C11.1.2.2 | F133: Grouted stone pitching with mortar | G133: m² | H133: 215 | I133: 0 | J133: =IF(G133 = CHAR(37), H133*I133/100,H133*I133) -> 0
A135: 10085 | B135: C11.1.6 | F135: Concrete edge beam type A (D25/30-20-XC4) as per drawing 20568-S-202 | G135: m³ | H135: 10 | I135: 0 | J135: =IF(G135 = CHAR(37), H135*I135/100,H135*I135) -> 0
A137: 9994 | B137: C11.1.7 | F137: Provision of approved herbicide and ant poison:
A139: 9995 | C139: C11.1.7.1 | F139: Provision of materials | G139: PC Sum | H139: 1 | I139: 20000 | J139: 20000
A141: 9996 | C141: C11.1.7.2 | F141: Contractor’s charges and profit added to the prime cost sum | G141: % | H141: =J139 -> 20000 | I141: 0 | J141: =IF(G141 = CHAR(37), H141*I141/100,H141*I141) -> 0
B183: Total Carried Forward To Summary | J183: =SUM(J126:J182) -> 20000
J184: C3-84
B185: SCHEDULE B2 - BRIDGE B3837 ROAD OVER RAIL (km 86.6)
B186: C11.2 NON-STRUCTURAL GABIONS
C187: Item | F187: Description | G187: Unit | H187: Quantity | I187: Rate | J187: Amount R
A189: 10098 | B189: C11.2 | F189: NON-STRUCTURAL GABIONS
A191: 10099 | B191: C11.2.1 | F191: Foundation trench excavation:
A193: 10100 | C193: C11.2.1.1 | F193: Excavating all material situated within the following depth ranges below the surface level:
A195: 10101 | D195: (a) | F195: 0 m to 1,5 m | G195: m³ | H195: 15 | I195: 0 | J195: =IF(G195 = CHAR(37), H195*I195/100,H195*I195) -> 0
A197: 10102 | C197: C11.2.1.2 | F197: Extra over sub-item C11.2.1.1 for excavation in hard material, irrespective of depth | G197: m³ | H197: 1.5 | I197: 0 | J197: =IF(G197 = CHAR(37), H197*I197/100,H197*I197) -> 0
A199: 10103 | B199: C11.2.2 | F199: Surface preparation for bedding the gabion boxes and mattresses | G199: m² | H199: 50 | I199: 0 | J199: =IF(G199 = CHAR(37), H199*I199/100,H199*I199) -> 0
A201: 10104 | B201: C11.2.3 | F201: Gabion boxes and mattresses:
A203: 10105 | C203: C11.2.3.3 | F203: Galvanized gabion mattresses (3m long x 1m wide x 0.3m deep) Mesh size: 80mm x 100mm. Wire diameter: 2,5mm _x000D_ Diaphragm spacing: 1,0m: 0.3 m deep | G203: m³ | H203: 15 | I203: 0 | J203: =IF(G203 = CHAR(37), H203*I203/100,H203*I203) -> 0
A205: 10106 | B205: C11.2.4 | F205: Geotextile (Continuous filament nonwoven needle punched Class 2 geotextile as per Table 2(b) of GRI-GT13(b) specifications) | G205: m² | H205: 70 | I205: 0 | J205: =IF(G205 = CHAR(37), H205*I205/100,H205*I205) -> 0
B240: Total Carried Forward To Summary | J240: =SUM(J188:J239) -> 0
J241: C3-85
B242: SCHEDULE B2 - BRIDGE B3837 ROAD OVER RAIL (km 86.6)
B243: C11.4 ROAD RESTRAINT SYSTEMS
C244: Item | F244: Description | G244: Unit | H244: Quantity | I244: Rate | J244: Amount R
A246: 10048 | B246: C11.4 | F246: ROAD RESTRAINT SYSTEMS
A248: 10049 | B248: C11.4.1 | F248: Erecting of guardrails at 3,81 m spacing:
A250: 10050 | C250: C11.4.1.1 | F250: Complete galvanized system compliant to SANS 1350:
A252: 10053 | D252: (a) | F252: On timber posts (See Drawing No.20568-S-203) | G252: m | H252: 50 | I252: 0 | J252: =IF(G252 = CHAR(37), H252*I252/100,H252*I252) -> 0
A254: 10054 | C254: C11.4.1.2 | F254: Terminal sections for 3,81 guardrails comprising of:
A256: 10055 | D256: (a) | F256: End wings to SANS 1350 | G256: No. | H256: 4 | I256: 0 | J256: =IF(G256 = CHAR(37), H256*I256/100,H256*I256) -> 0
A258: 10056 | D258: (c) | F258: Bridge adapters to SANS 1350 | G258: No. | H258: 4 | I258: 0 | J258: =IF(G258 = CHAR(37), H258*I258/100,H258*I258) -> 0
A260: 10057 | B260: C11.4.5 | F260: Additional guardrail posts for 3,81 m systems:
A262: 10058 | C262: C11.4.5.1 | F262: Timber | G262: No. | H262: 20 | I262: 0 | J262: =IF(G262 = CHAR(37), H262*I262/100,H262*I262) -> 0
A264: 10059 | B264: C11.4.6 | F264: Reflective plates:
A266: 10060 | C266: C11.4.6.1 | F266: Steel plates | G266: No. | H266: 50 | I266: 0 | J266: =IF(G266 = CHAR(37), H266*I266/100,H266*I266) -> 0
A268: 10061 | B268: C11.4.14 | F268: Nailing of gang nail plates on top of timber guardrail posts | G268: No. | H268: 50 | I268: 0 | J268: =IF(G268 = CHAR(37), H268*I268/100,H268*I268) -> 0
B302: Total Carried Forward To Summary | J302: =SUM(J245:J301) -> 0
J303: C3-86
B304: SCHEDULE B2 - BRIDGE B3837 ROAD OVER RAIL (km 86.6)
B305: C13.1 FOUNDATIONS
C306: Item | F306: Description | G306: Unit | H306: Quantity | I306: Rate | J306: Amount R
A308: 9982 | B308: C13.1 | F308: FOUNDATIONS
A310: 10022 | B310: C13.1.1 | F310: Provision of designs and drawings of temporary works by an ECSA-registered Professional Engineer or Technologist or Geotechnical Engineer:
A312: 10040 | C312: C13.1.1 | F312: Deck Support structure for foundation investigations | G312: lump sum | H312: 1 | I312: 0 | J312: =IF(G312 = CHAR(37), H312*I312/100,H312*I312) -> 0
A314: 10023 | B314: C13.1.2 | F314: Additional foundation investigations:
A316: 10024 | C316: C13.1.2.1 | F316: Provisional sum allowed for additional foundation investigations | G316: Prov. Sum | H316: 1 | I316: 200000 | J316: 200000
A318: 10025 | C318: C13.1.2.2 | F318: Handling costs and profit in respect of item C13.1.2.1 | G318: % | H318: =J316 -> 200000 | I318: 0 | J318: =IF(G318 = CHAR(37), H318*I318/100,H318*I318) -> 0
A320: 9997 | B320: C13.1.3 | F320: Excavation:
A322: 9998 | C322: C13.1.3.1 | F322: Excavating soft material situated within the following successive depth ranges:
A324: 9999 | D324: (a) | F324: 0 m up to 1,5 m | G324: m³ | H324: 85 | I324: 0 | J324: =IF(G324 = CHAR(37), H324*I324/100,H324*I324) -> 0
A326: 10000 | C326: C13.1.3.3 | F326: Extra over subitem C13.1.3.1 for additional excavation required by the Engineer after excavation is complete | G326: m³ | H326: 10 | I326: 0 | J326: =IF(G326 = CHAR(37), H326*I326/100,H326*I326) -> 0
A328: 10001 | C328: C13.1.3.5 | F328: Extra over subitem C13.1.3.1 for excavation in restricted areas | G328: m³ | H328: 85 | I328: 0 | J328: =IF(G328 = CHAR(37), H328*I328/100,H328*I328) -> 0
A330: 10002 | B330: C13.1.7 | F330: Backfill to excavations utilising:
A332: 10003 | C332: C13.1.7.1 | F332: Material from excavation | G332: m³ | H332: 85 | I332: 0 | J332: =IF(G332 = CHAR(37), H332*I332/100,H332*I332) -> 0
A334: 10004 | B334: C13.1.14 | F334: Foundation fill consisting of:
A336: 10026 | C336: C13.1.14.4 | F336: Mass concrete (C25/30-20-XC0) | G336: m³ | H336: 5 | I336: 0 | J336: =IF(G336 = CHAR(37), H336*I336/100,H336*I336) -> 0
A338: 10088 | C338: C13.1.14.5 | F338: Concrete blinding (75mm thick, C12/15-20-XC0) under stone pitching | G338: m³ | H338: 20 | I338: 0 | J338: =IF(G338 = CHAR(37), H338*I338/100,H338*I338) -> 0
B358: Total Carried Forward To Summary | J358: =SUM(J307:J357) -> 200000
J359: C3-87
B360: SCHEDULE B2 - BRIDGE B3837 ROAD OVER RAIL (km 86.6)
B361: C13.7 JOINTS
C362: Item | F362: Description | G362: Unit | H362: Quantity | I362: Rate | J362: Amount R
A364: 10072 | B364: C13.7 | F364: JOINTS
A366: 10073 | B366: C13.7.5 | F366: Supply and installation of Agrément South Africa certified proprietary expansion joints:
A368: 10074 | C368: C13.7.5.1 | F368: Claw and other modular joints in nosings:
A370: 10075 | D370: (a) | F370: Single Seal steel claw and rubber band Expansion Joint up to 50mm movement as per drawing 20568-S-204 | G370: m | H370: 6 | I370: 0 | J370: =IF(G370 = CHAR(37), H370*I370/100,H370*I370) -> 0
A372: 10076 | C372: C13.7.5.2 | F372: Asphaltic plug type joints:
A374: 10077 | D374: (c) | F374: 400 x 75 mm | G374: m | H374: 30 | I374: 0 | J374: =IF(G374 = CHAR(37), H374*I374/100,H374*I374) -> 0
A376: 10078 | D376: (g) | F376: Extra over for variation in joint depth of asphaltic joints | G376: ℓ | H376: 15 | I376: 0 | J376: =IF(G376 = CHAR(37), H376*I376/100,H376*I376) -> 0
A378: 10079 | C378: C13.7.5.3 | F378: Provision of Engineering Drawings of proprietary joints and certification after installation by an ECSA registered professional engineer or technologist | G378: lump sum | H378: 1 | I378: 0 | J378: =IF(G378 = CHAR(37), H378*I378/100,H378*I378) -> 0
A380: 10080 | B380: C13.7.8 | F380: Additional water tests for joints ordered by the Engineer | G380: No. | H380: 2 | I380: 0 | J380: =IF(G380 = CHAR(37), H380*I380/100,H380*I380) -> 0
B417: Total Carried Forward To Summary | J417: =SUM(J363:J416) -> 0
J418: C3-88
...

Sheet Schedule 1.4
A1: Rate=I | B1: SCHEDULE B3 - MAJOR CULVERT C0843 (km 87.5)
B2: C1.6 CLEARING AND GRUBBING
C3: Item | F3: Description | G3: Unit | H3: Quantity | I3: Rate | J3: Amount R
A5: 10190 | B5: 3 | F5: CLEARING AND GRUBBING
A7: 10191 | B7: C1.6.1 | F7: Clearing:
A9: 10192 | C9: C1.6.1.1 | F9: Clearing with machines and some hand labour where necessary | G9: ha | H9: 4 | I9: 0 | J9: =IF(G9 = CHAR(37), H9*I9/100,H9*I9) -> 0
A11: 10193 | C11: C1.6.1.2 | F11: Clearing with hand labour only when labour enhanced work is specified | G11: m² | H11: 200 | I11: 0 | J11: =IF(G11 = CHAR(37), H11*I11/100,H11*I11) -> 0
A13: 10194 | B13: C1.6.2 | F13: Grubbing:
A15: 10195 | C15: C1.6.2.1 | F15: Grubbing with machines and some hand labour where necessary | G15: ha | H15: 4 | I15: 0 | J15: =IF(G15 = CHAR(37), H15*I15/100,H15*I15) -> 0
A17: 10196 | C17: C1.6.2.2 | F17: Grubbing with hand labour when labour enhancement work is specified or it is not practical to use a machine | G17: m² | H17: 200 | I17: 0 | J17: =IF(G17 = CHAR(37), H17*I17/100,H17*I17) -> 0
A19: 10197 | B19: C1.6.3 | F19: Removal and grubbing of large trees and tree stumps:
A21: 10198 | C21: C1.6.3.1 | F21: Girth equal to or exceeding 1,0 m up to and including 2,0 m | G21: No | H21: 30 | I21: 0 | J21: =IF(G21 = CHAR(37), H21*I21/100,H21*I21) -> 0
A23: 10199 | C23: C1.6.3.2 | F23: Girth exceeding 2,0 m up to and including 3,0 m | G23: No | H23: 5 | I23: 0 | J23: =IF(G23 = CHAR(37), H23*I23/100,H23*I23) -> 0
B59: Total Carried Forward To Summary | J59: =SUM(J4:J58) -> 0
J60: C3-96
B61: SCHEDULE B3 - MAJOR CULVERT C0843 (km 87.5)
B62: C1.7 LOADING AND HAULING
C63: Item | F63: Description | G63: Unit | H63: Quantity | I63: Rate | J63: Amount R
A65: 10200 | B65: C1.7 | F65: LOADING AND HAULING
A67: 10201 | B67: C1.7.1 | F67: Loading:
A69: 10202 | C69: C1.7.1.1 | F69: Loading from stockpile using machines and some hand labour where necessary | G69: m³ | H69: 0 | I69: 0 | J69: =IF(G69 = CHAR(37), H69*I69/100,H69*I69) -> 0
A71: 10203 | B71: C1.7.2 | F71: Hauling:
A73: 10204 | C73: C1.7.2.2 | F73: Hauling material to spoil and off-loading it at a designated spoil area:
A75: 10205 | D75: (b) | F75: Soil and gravel material | G75: m³-km | H75: 300000 | I75: 0 | J75: =IF(G75 = CHAR(37), H75*I75/100,H75*I75) -> 0
A77: 10206 | D77: (c) | F77: Boulders and hard material | G77: m³-km | H77: 600 | I77: 0 | J77: =IF(G77 = CHAR(37), H77*I77/100,H77*I77) -> 0
B125: Total Carried Forward To Summary | J125: =SUM(J64:J124) -> 0
J126: C3-97
B127: SCHEDULE B3 - MAJOR CULVERT C0843 (km 87.5)
B128: C3.2 CULVERTS
C129: Item | F129: Description | G129: Unit | H129: Quantity | I129: Rate | J129: Amount R
A131: 10168 | B131: C3.2 | F131: CULVERTS
A133: 10184 | B133: C3.2.1 | F133: Excavation for culvert structures:
A135: 10185 | C135: C3.2.1.1 | F135: Excavating in all material situated within the following depth ranges below the surface level:
A137: 10186 | D137: (a) | F137: 0 m to 1,5 m | G137: m³ | H137: 50 | I137: 0 | J137: =IF(G137 = CHAR(37), H137*I137/100,H137*I137) -> 0
A139: 10187 | C139: C3.2.1.4 | F139: Extra over sub-item C3.2.1.1 for excavation in hard or boulder material, irrespective of depth | G139: m³ | H139: 5 | I139: 0 | J139: =IF(G139 = CHAR(37), H139*I139/100,H139*I139) -> 0
A141: 10169 | B141: C3.2.2 | F141: Backfilling:
A143: 10170 | C143: C3.2.2.1 | F143: Using the excavated material | G143: m³ | H143: 28 | I143: 0 | J143: =IF(G143 = CHAR(37), H143*I143/100,H143*I143) -> 0
A145: 10171 | C145: C3.2.2.2 | F145: Using imported selected material:
A147: 10172 | D147: (a) | F147: From commercial sources (granular material) | G147: m³ | H147: 5 | I147: 0 | J147: =IF(G147 = CHAR(37), H147*I147/100,H147*I147) -> 0
A149: 10173 | C149: C3.2.2.4 | F149: Extra over sub-items C3.2.2.1 and C3.2.2.2 for screed layers (75mm thick, Class C16/20-20-X0) | G149: m³ | H149: 2 | I149: 0 | J149: =IF(G149 = CHAR(37), H149*I149/100,H149*I149) -> 0
A151: 10180 | B151: C3.2.7 | F151: Cast-in-situ concrete and formwork:
A153: 10181 | C153: C3.2.7.5 | F153: In inlet and outlet structures including kerbs, chutes and downpipes, skewed ends, catchpits, manholes, thrust and anchor blocks, excluding formwork but including Class U2 surfacing finish (75mm thick, Class C16/20-X0-20) | G153: m³ | H153: 4 | I153: 0 | J153: =IF(G153 = CHAR(37), H153*I153/100,H153*I153) -> 0
A155: 10182 | C155: C3.2.7.6 | F155: Formwork of concrete under items C3.2.7.3 to 5 above
A157: 10183 | D157: (a) | F157: Class F1 surface finish to concealed surfaces | G157: m² | H157: 25 | I157: 0 | J157: =IF(G157 = CHAR(37), H157*I157/100,H157*I157) -> 0
A159: 10188 | D159: (b) | F159: Class F2 surface finish to exposed surfaces | G159: m² | H159: 18 | I159: 0 | J159: =IF(G159 = CHAR(37), H159*I159/100,H159*I159) -> 0
A161: 10174 | B161: C3.2.10 | F161: Reinforcement:
A163: 10175 | C163: C3.2.10.2 | F163: High-tensile steel bars | G163: t | H163: 1 | I163: 0 | J163: =IF(G163 = CHAR(37), H163*I163/100,H163*I163) -> 0
A165: 10176 | C165: C3.2.10.3 | F165: Welded steel fabric (Mesh Ref 617) | G165: kg | H165: 60 | I165: 0 | J165: =IF(G165 = CHAR(37), H165*I165/100,H165*I165) -> 0
A167: 10177 | B167: C3.2.24 | F167: Compaction of bedding for inlets, outlets, manholes and catchpits:
A169: 10178 | C169: C3.2.24.1 | F169: Preparation and compaction of in-situ bedding material to 90 % of MDD (200mm depth) | G169: m³ | H169: 21 | I169: 0 | J169: =IF(G169 = CHAR(37), H169*I169/100,H169*I169) -> 0
A171: 10179 | C171: C3.2.24.2 | F171: Extra-over sub-item C3.2.24.1 for compaction to 93 % of MDD (200mm depth) | G171: m³ | H171: 13 | I171: 0 | J171: =IF(G171 = CHAR(37), H171*I171/100,H171*I171) -> 0
B173: Total Carried Forward To Summary | J173: =SUM(J130:J172) -> 0
J174: C3-98
B175: SCHEDULE B3 - MAJOR CULVERT C0843 (km 87.5)
B176: C3.3 CONCRETE KERBING AND CHANNELING, ASPHALT BERMS, CHUTES, DOWNPIPES, CONCRETE, STONE PITCHED AND GABION LININGS FOR OPEN DRAINS
C177: Item | F177: Description | G177: Unit | H177: Quantity | I177: Rate | J177: Amount R
A179: 10107 | B179: C3.3 | F179: CONCRETE KERBING AND CHANNELING, ASPHALT BERMS, CHUTES, DOWNPIPES, CONCRETE, STONE PITCHED AND GABION LININGS FOR OPEN DRAINS
A181: 10243 | B181: C3.3.1 | F181: Concrete kerbing:
A183: 10244 | B183: C3.3.2 | F183: Concrete kerbing-channeling combination:
A185: 10245 | C185: C3.3.2.2 | F185: Cast-in-situ kerbing-channeling (Kerb to match existing (C25/30-20-X0) as per drawing 20568-S-306, Class F2 finish):
A187: 10246 | D187: (a) | F187: Figure 7 Kerb and Channel (as per drawing 20568-S-306) | G187: m | H187: 30 | I187: 0 | J187: =IF(G187 = CHAR(37), H187*I187/100,H187*I187) -> 0
A189: 10249 | B189: C3.3.16 | F189: Demolition and removal of existing kerbs and / or channel (Figure 3 kerb) with side walk | G189: m³ | H189: 10 | I189: 0 | J189: =IF(G189 = CHAR(37), H189*I189/100,H189*I189) -> 0
B230: Total Carried Forward To Summary | J230: =SUM(J178:J229) -> 0
J231: C3-99
B232: SCHEDULE B3 - MAJOR CULVERT C0843 (km 87.5)
B233: C4.2 CUT MATERIALS
C234: Item | F234: Description | G234: Unit | H234: Quantity | I234: Rate | J234: Amount R
A236: 10207 | B236: C4.2 | F236: CUT MATERIALS
A238: 10208 | B238: C4.2.5 | F238: Excavating of materials in designated excavations, material obtained from (River Training):
A240: 10209 | C240: C4.2.5.1 | F240: Soft excavation | G240: m³ | H240: 40000 | I240: 0 | J240: =IF(G240 = CHAR(37), H240*I240/100,H240*I240) -> 0
A242: 10210 | C242: C4.2.5.2 | F242: Boulder excavation class A | G242: m³ | H242: 200 | I242: 0 | J242: =IF(G242 = CHAR(37), H242*I242/100,H242*I242) -> 0
A244: 10211 | C244: C4.2.5.3 | F244: Boulder excavation class B | G244: m³ | H244: 200 | I244: 0 | J244: =IF(G244 = CHAR(37), H244*I244/100,H244*I244) -> 0
A246: 10212 | C246: C4.2.5.4 | F246: Hard excavation (other than by blasting) | G246: m³ | H246: 200 | I246: 0 | J246: =IF(G246 = CHAR(37), H246*I246/100,H246*I246) -> 0
B296: Total Carried Forward To Summary | J296: =SUM(J235:J295) -> 0
J297: C3-100
B298: SCHEDULE B3 - MAJOR CULVERT C0843 (km 87.5)
B299: C11.2 NON-STRUCTURAL GABIONS
C300: Item | F300: Description | G300: Unit | H300: Quantity | I300: Rate | J300: Amount R
A302: 10108 | B302: C11.2 | F302: NON-STRUCTURAL GABIONS
A304: 10215 | B304: C11.2.1 | F304: Foundation trench excavation:
A306: 10216 | C306: C11.2.1.1 | F306: Excavating all material situated within the following depth ranges below the surface level:
A308: 10217 | D308: (a) | F308: 0 m to 1,5 m | G308: m³ | H308: 950 | I308: 0 | J308: =IF(G308 = CHAR(37), H308*I308/100,H308*I308) -> 0
A310: 10233 | D310: (a) | F310: >1.5 m to 3 m | G310: m³ | H310: 500 | I310: 0 | J310: =IF(G310 = CHAR(37), H310*I310/100,H310*I310) -> 0
A312: 10218 | C312: C11.2.1.2 | F312: Extra over sub-item C11.2.1.1 for excavation in hard material, irrespective of depth | G312: m³ | H312: 150 | I312: 0 | J312: =IF(G312 = CHAR(37), H312*I312/100,H312*I312) -> 0
A314: 10219 | B314: C11.2.2 | F314: Surface preparation for bedding the gabion boxes and mattresses | G314: m² | H314: 1000 | I314: 0 | J314: =IF(G314 = CHAR(37), H314*I314/100,H314*I314) -> 0
A316: 10220 | B316: C11.2.3 | F316: Gabion boxes and mattresses:
A318: 10221 | C318: C11.2.3.1 | F318: Galvanized gabion boxes: Mesh size: 80mm x 100mm Wire diameter: 2,7 mm Diaphragm spacing: 1,0 m: 2 m x 1 m x 1 m | G318: m³ | H318: 600 | I318: 0 | J318: =IF(G318 = CHAR(37), H318*I318/100,H318*I318) -> 0
A320: 10222 | C320: C11.2.3.3 | F320: Galvanized gabion mattresses (3m long x 1m wide x 0.3m deep) Mesh size: 80mm x 100mm ._x000D_ Wire diameter: 2,5mm _x000D_ Diaphragm spacing: 1,0m: 0.3 m deep | G320: m³ | H320: 50 | I320: 0 | J320: =IF(G320 = CHAR(37), H320*I320/100,H320*I320) -> 0
A322: 10223 | B322: C11.2.4 | F322: Geotextile (Continuous filament nonwoven needle punched Class 2 geotextile as per Table 2(b) of GRI-GT13(b) specifications) | G322: m² | H322: 2000 | I322: 0 | J322: =IF(G322 = CHAR(37), H322*I322/100,H322*I322) -> 0
B349: Total Carried Forward To Summary | J349: =SUM(J301:J348) -> 0
J350: C3-101
B351: SCHEDULE B3 - MAJOR CULVERT C0843 (km 87.5)
B352: C11.4 ROAD RESTRAINT SYSTEMS
C353: Item | F353: Description | G353: Unit | H353: Quantity | I353: Rate | J353: Amount R
A355: 10189 | B355: C11.4 | F355: ROAD RESTRAINT SYSTEMS
A357: 10224 | B357: C11.4.1 | F357: Erecting of guardrails at 3,81 m spacing:
A359: 10225 | C359: C11.4.1.1 | F359: Complete galvanized system compliant to SANS 1350:
A361: 10226 | D361: (a) | F361: On timber posts | G361: m | H361: 50 | I361: 0 | J361: =IF(G361 = CHAR(37), H361*I361/100,H361*I361) -> 0
A363: 10227 | C363: C11.4.1.2 | F363: Terminal sections for 3,81 guardrails comprising of:
A365: 10251 | D365: (a) | F365: End wings to SANS 1350 | G365: No. | H365: 2 | I365: 0 | J365: =IF(G365 = CHAR(37), H365*I365/100,H365*I365) -> 0
...

Sheet Schedule 1.5
A1: Rate=F | B1: Schedule D: Stakeholder and Community Liaison, and Targeted Labour and Targeted
B2: Enterprises Utilisation and Development
B3: SCHEDULE D:SMALL CONTRACTOR DEVELOPMENT, TRAINING AND COMMUNITY LIAISON
B4: Number | C4: Item Description | D4: Unit | E4: Quantity | F4: Rate | G4: Amount R
A6: 6629 | B6: D1000 | C6: SMALL CONTRACTOR DEVELOPMENT, TRAINING AND COMMUNITY LIAISON
A8: 6630 | B8: D10.01 | C8: Target Group Participation
A10: 6631 | C10: (a) Contract Participation Performance bonus | D10: PC Sum | E10: 1 | F10: 2000000 | G10: 2000000
A12: 6632 | B12: D10.02 | C12: Stakeholder and Community Liaison and Social Facilitation
A14: 6633 | C14: (a) Cost of liaison, social facilitation and PLC support | D14: PC Sum | E14: 1 | F14: 1000000 | G14: 1000000
A16: 6634 | C16: (b) Handling cost and profit in respect of sub-item D10.02(a) | D16: % | E16: =G14 -> 1000000 | F16: 0 | G16: =IF(D16 = CHAR(37), E16*F16/100,E16*F16) -> 0
A18: 6635 | B18: D10.03 | C18: Tender Process for Targeted Enterprises
A20: 6636 | C20: (a) Contractor's charge for the management and execution of the Targeted Enterprise procurement process:
A22: 6637 | C22: (i) Procurement process for the totality of all tenders concluded for the appointment of Targeted Enterprise subcontractors of CIDB 1 and 2 contractor grading | D22: No | E22: 30 | F22: 0 | G22: =IF(D22 = CHAR(37), E22*F22/100,E22*F22) -> 0
A24: 6638 | C24: (ii) Procurement process for the totality of all tenders concluded for the appointment of Targeted Enterprise subcontractors of CIDB 3 and 4 contractor grading | D24: No | E24: 10 | F24: 0 | G24: =IF(D24 = CHAR(37), E24*F24/100,E24*F24) -> 0
A26: 6639 | C26: (iii) Procurement process for the totality of all tenders concluded for the appointment of Targeted Enterprise subcontractors of CIDB 5 and higher contractor grading | D26: No | E26: 5 | F26: 0 | G26: =IF(D26 = CHAR(37), E26*F26/100,E26*F26) -> 0
A28: 6653 | C28: (iv) Procurement process for the totality of all tenders concluded for the appointment of Targeted Enterprise suppliers | D28: No | E28: 45 | F28: 0 | G28: =IF(D28 = CHAR(37), E28*F28/100,E28*F28) -> 0
A30: 7582 | C30: (b) Targeted Enterprise Procurement Coordinator | D30: Month | E30: 21 | F30: 0 | G30: =IF(D30 = CHAR(37), E30*F30/100,E30*F30) -> 0
A32: 6640 | B32: D10.04 | C32: Responsibilities of the Contractor towards Targeted Enterprises
A34: 6641 | C34: (a) Contractor's establishment, management, management support assistance, coaching, guidance, mentoring and supervision of Targeted Enterprises | D34: Month | E34: 21 | F34: 0 | G34: =IF(D34 = CHAR(37), E34*F34/100,E34*F34) -> 0
A36: 6651 | C36: (b) Targeted Enterprise Construction Manager | D36: Person. month | E36: 15 | F36: 0 | G36: =IF(D36 = CHAR(37), E36*F36/100,E36*F36) -> 0
A38: 6652 | C38: (c) Targeted Enterprise Site Supervisors | D38: Person. month | E38: 150 | F38: 0 | G38: =IF(D38 = CHAR(37), E38*F38/100,E38*F38) -> 0
A40: 6642 | B40: D10.05 | C40: Construction Works by Targeted Enterprises
A42: 6643 | C42: (a) Payments associated with the construction works executed by Targeted Enterprise sub-contractors of CIDB 1 and 2 contractor grading designation appointed in terms of Section D of the Specifications | D42: Prov sum | E42: 1 | F42: 12000000 | G42: 12000000
A44: 6644 | C44: (b) Handling costs and profit in respect of payment associated with subitem D10.05(a) | D44: % | E44: =G42 -> 12000000 | F44: 5 | G44: 600000
B45: Total Carried Forward | G45: =SUM(G5:G44) -> 15600000
G46: C3-67
B47: Schedule D: Stakeholder and Community Liaison, and Targeted Labour and Targeted
B48: Enterprises Utilisation and Development
B49: SCHEDULE D:SMALL CONTRACTOR DEVELOPMENT, TRAINING AND COMMUNITY LIAISON
B50: Number | C50: Item Description | D50: Unit | E50: Quantity | F50: Rate | G50: Amount R
B51: Brought Forward | G51: =G45 -> 15600000
A52: 6645 | C52: (c) Fluctuation between the main contractor's rates and that of the Targeted Enterprise sub-contractors | D52: lump sum | E52: 1 | F52: 0 | G52: =IF(D52 = CHAR(37), E52*F52/100,E52*F52) -> 0
A54: 6646 | C54: (d) Preliminary and General Obligations of Targeted Enterprise sub-contractors appointed in terms of Section D of the Specifications | D54: lump sum | E54: 1 | F54: 0 | G54: =IF(D54 = CHAR(37), E54*F54/100,E54*F54) -> 0
A56: 6647 | B56: D10.06 | C56: Training, coaching, guidance, mentoring and assistance
A58: 10624 | C58: (a)Training Costs
A60: 8236 | C60: (i) Accredited NQF training | D60: Prov sum | E60: 1 | F60: 2000000 | G60: 2000000
A62: 6649 | C62: (ii) Accredited generic skills training | D62: Prov sum | E62: 1 | F62: 2000000 | G62: 2000000
A64: 6650 | C64: (iii) Community skills training | D64: Prov sum | E64: 1 | F64: 2000000 | G64: Rate Only
A66: 6654 | C66: (iv) Handling cost and profit in respect of Subitems D10.06(a)(i),(ii) and (iii) | D66: % | E66: 6000000 | F66: 0 | G66: =IF(D66 = CHAR(37), E66*F66/100,E66*F66) -> 0
A68: 6658 | C68: (c) Other costs during training | D68: Prov sum | E68: 1 | F68: 2000000 | G68: 2000000
A70: 6659 | C70: (d) Training venue | D70: lump sum | E70: 1 | F70: 0 | G70: =IF(D70 = CHAR(37), E70*F70/100,E70*F70) -> 0
A72: 8730
A74: 8731
A76: 8732
B106: Total Carried Forward To Summary | G106: =SUM(G51:G105) -> 21600000
G107: C3-68
B108: Schedule D: Stakeholder and Community Liaison, and Targeted Labour and Targeted
B109: Enterprises Utilisation and Development
B110: SUMMARY OF SECTIONS
B111: Section | C111: Description | G111: Amount R
B113: D1000 | C113: SCHEDULE D:SMALL CONTRACTOR DEVELOPMENT, TRAINING AND COMMUNITY LIAISON | G113: =G106 -> 21600000
B115: Total Carried Forward To Summary Of Schedules | G115: =SUM(G112:G114) -> 21600000
G174: C3-69

Sheet Summary Of Schedules 1
A1: Rate=F | B1: CONTRACT SANRAL R.33-0120-2019/1
B2: SUMMARY OF SCHEDULES
B3: Description | F3: Amount R
B4: Schedule A: Roadworks | F4: ='Schedule 1.1'!J3163 -> 78955500
B6: SCHEDULE B1 - BRIDGE B621 NYL RIVER BRIDGE (km 82.1) | F6: ='Schedule 1.2'!J1062 -> 200000
B8: SCHEDULE B2 - BRIDGE B3837 ROAD OVER RAIL (km 86.6) | F8: ='Schedule 1.3'!J795 -> 970000
B10: SCHEDULE B3 - MAJOR CULVERT C0843 (km 87.5) | F10: ='Schedule 1.4'!J1066 -> 0
B12: Schedule D: Stakeholder and Community Liaison, and Targeted Labour and Targeted Enterprises Utilisation and Development | F12: ='Schedule 1.5'!G115 -> 21600000
B14: Subtotal A | F14: =SUM(F4:F13) -> 101725500
B16: CONTRACT SKILLS DEVELOPMENT GOAL:
B17: 0.25% of Subtotal A | F17: =F14*0.25% -> 254313.75
B19: SUBTOTAL B | F19: =F17+F14 -> 1.0197981e+08
B22: VALUE ADDED TAX:
B24: 15% of Subtotal B | F24: =F19*15% -> 15296972
B27: TOTAL CARRIED TO C.1.1.1: FORM OF OFFER | F27: =F24+F19 -> 1.1727679e+08

Sheet Rate Estimator
C2: To use a free rate estimator program with this Excel file
B4: 1) | C4: Download and install the program by clicking the link below and following instructions
C5: Bill Project (demo mode)
B6: 2) | C6: In MS Windows run the program using 'Start > Programs > Civilsoft > Bill Project'
B7: 3) | C7: Once Bill Project is running use 'File > Open Excel Tender' and select this file, eg
C8: =MID(CELL("filename"),1,FIND("]",CELL("filename"))) -> T:\20568 R33 Modimolle\09 - Tender\01 - Document\03 - Construction\03 - Final\R.033-120-2019-1 Tender Document\Volume_3-Tender Document\[R_33_120_2019_1_SOQ.xlsx]
B9: 4) | C9: Item rates can now be calculated by adding project resources to items
B10: 5) | C10: For more information in Bill Project use 'Tools > Guide' and click on 'Rate Estimator'
C12: Note:
C13: Although Bill Project will be set to demo mode, the rate estimator will have full functionality
C14: Once rates have been calculated in Bill Project they can be exported using 'File > Export > Rate'
C16: If you need help with any of the above, click the link below or phone +27 (0)42 294 1777
C17: Bill Project support
